General information
- name: BNet
- type: Ladder team game (AT/RT)
- host: Battle.net
- saver: 418
map: GoldRush
- players: 8
- length: 1444:37
- speed: Fast
- version: 1.24 W3XP
- replay type: Public
» download(2381 KB)
Players
team 1 (winner)

»
418 (
yellow | 4 APM | 5190 actions | 1444:37)
10 Goblin Alchemist
3 Chemical Rage
3 Acid Bomb
1 Transmute
3 Healing Spray
2 Paladin
2 Holy Light
1 Blood Mage
1 Banish
» actions
| Assign group hotkey | 27 | |
| Basic commands | 59 | |
| Build / train | 240 | |
| ESC pressed | 12 | |
| Enter build submenu | 89 | |
| Enter hero's abilities submenu | 14 | |
| Give item / drop item | 55 | |
| Remove unit from queue | 1 | |
| Right click | 2144 | |
| Select / deselect | 1891 | |
| Select group hotkey | 308 | |
| Use ability | 349 | |
5190 total
» units
| Acolyte | 51 | |
| Ghoul | 22 | |
| Frost Wyrm | 8 | |
| Obsidian Statue | 4 | |
| Gargoyle | 6 | |
| Meatwagon | 1 | |
| Peasant | 6 | |
98 total
» upgrades
| Ghoul Frenzy | 1 | |
| Creature Attack | 3 | |
| Creature Carapace | 3 | |
| Freezing Breath | 1 | |
| Destroyer Form | 1 | |
| Unholy Strength | 3 | |
| Unholy Armor | 3 | |
| Cannibalize | 2 | |
| Burrow | 2 | |
| Web | 2 | |
| Exhume Corpses | 1 | |
| Disease Cloud | 1 | |
| Skeletal Longevity | 1 | |
| Banshee Training | 2 | |
| Necromancer Training | 2 | |
| Skeletal Mastery | 1 | |
| Stone Form | 2 | |
| Backpack | 1 | |
| Long Rifles | 1 | |
| Defend | 1 | |
| Magic Sentry | 1 | |
| Flare | 1 | |
| Fragmentation Shards | 1 | |
| Sorceress Training | 2 | |
| Priest Training | 2 | |
| Control Magic | 1 | |
42 total
» buildings
| Crypt | 4 | |
| Ziggurat | 26 | |
| Altar of Darkness | 3 | |
| Tomb of Relics | 6 | |
| Nerubian Tower | 3 | |
| Graveyard | 4 | |
| Necropolis | 5 | |
| Halls of the Dead | 3 | |
| Spirit Tower | 5 | |
| Black Citadel | 3 | |
| Sacrificial Pit | 3 | |
| Boneyard | 3 | |
| Slaughterhouse | 4 | |
| Temple of the Damned | 3 | |
| Arcane Tower | 4 | |
| Lumber Mill | 1 | |
| Guard Tower | 7 | |
| Arcane Sanctum | 1 | |
| Cannon Tower | 2 | |
90 total
» build order
00:07 Crypt
00:09 Ziggurat
00:34 Altar of Darkness
01:22 Tomb of Relics
01:29 Tomb of Relics
01:54 Nerubian Tower
02:09 Ziggurat
02:48 Graveyard
03:01 Ziggurat
04:43 Ziggurat
04:44 Ziggurat
05:19 Necropolis
05:27 Halls of the Dead
05:49 Spirit Tower
06:05 Spirit Tower
06:45 Ziggurat
07:01 Ziggurat
07:30 Ziggurat
07:56 Ziggurat
07:58 Ziggurat
07:59 Ziggurat
08:01 Ziggurat
08:05 Black Citadel
08:27 Tomb of Relics
08:28 Ziggurat
08:41 Sacrificial Pit
08:50 Nerubian Tower
08:53 Spirit Tower
10:04 Spirit Tower
10:27 Boneyard
10:29 Boneyard
11:21 Slaughterhouse
13:50 Spirit Tower
21:48 Necropolis
22:59 Necropolis
23:56 Necropolis
26:28 Necropolis
27:08 Crypt
27:12 Ziggurat
27:15 Tomb of Relics
27:17 Altar of Darkness
28:59 Graveyard
29:13 Halls of the Dead
31:21 Graveyard
31:26 Ziggurat
31:29 Ziggurat
31:30 Ziggurat
31:32 Ziggurat
32:05 Black Citadel
32:08 Sacrificial Pit
32:24 Nerubian Tower
32:54 Slaughterhouse
32:55 Temple of the Damned
33:31 Halls of the Dead
33:39 Crypt
33:45 Altar of Darkness
34:34 Ziggurat
34:35 Ziggurat
34:37 Ziggurat
36:58 Black Citadel
37:00 Sacrificial Pit
43:55 Tomb of Relics
49:47 Ziggurat
49:48 Ziggurat
49:50 Ziggurat
49:50 Ziggurat
49:51 Ziggurat
49:53 Boneyard
55:08 Tomb of Relics
55:12 Graveyard
55:18 Slaughterhouse
55:21 Temple of the Damned
55:26 Crypt
58:34 Slaughterhouse
58:35 Temple of the Damned
924:24 Arcane Tower
926:49 Arcane Tower
927:17 Lumber Mill
927:41 Arcane Tower
928:33 Arcane Tower
928:34 Guard Tower
928:34 Guard Tower
928:46 Arcane Sanctum
929:04 Guard Tower
929:55 Guard Tower
931:41 Guard Tower
931:52 Guard Tower
937:46 Guard Tower
1442:48 Cannon Tower
1442:49 Cannon Tower
» items
| Rod of Necromancy | 1 | |
| Dust of Appearance | 1 | |
| Boots of Speed | 1 | |
| Circlet of Nobility | 3 | |
| Staff of Teleportation | 2 | |
| Potion of Invisibility | 3 | |
| Potion of Lesser Invulnerability | 3 | |
| Orb of Corruption | 1 | |
| Potion of Healing | 8 | |
| Potion of Mana | 6 | |
| Scroll of Regeneration | 2 | |
| Lesser Clarity Potion | 3 | |
| Tome of Retraining | 1 | |
| Staff of Sanctuary | 1 | |
| Ivory Tower | 15 | |
| Orb of Fire | 1 | |
52 total
MR_ASTON_MARTIN (
purple | 26 APM | 6595 actions | 252:11)
10 Mountain King
3 Storm Bolt
3 Bash
1 Avatar
3 Thunder Clap
2 Blood Mage
1 Banish
1 Siphon Mana
» actions
| Assign group hotkey | 44 | |
| Basic commands | 228 | |
| Build / train | 283 | |
| ESC pressed | 1 | |
| Enter build submenu | 60 | |
| Enter hero's abilities submenu | 13 | |
| Give item / drop item | 7 | |
| Right click | 3849 | |
| Select / deselect | 579 | |
| Select group hotkey | 1306 | |
| Use ability | 224 | |
6595 total
» units
| Peasant | 79 | |
| Footman | 11 | |
| Flying Machine | 51 | |
| Siege Engine | 1 | |
| Mortar Team | 6 | |
| Gryphon Rider | 4 | |
152 total
» upgrades
| Masonry | 3 | |
| Plating | 3 | |
| Swords | 3 | |
| Lumber Harvesting | 2 | |
| Gunpowder | 3 | |
| Flying Machine Bombs | 2 | |
| Flak Cannons | 1 | |
| Barrage | 1 | |
| Cloud | 1 | |
| Fragmentation Shards | 2 | |
| Storm Hammers | 1 | |
| Animal War Training | 1 | |
| Armor | 3 | |
26 total
» buildings
| Altar of Kings | 1 | |
| Lumber Mill | 1 | |
| Farm | 17 | |
| Barracks | 1 | |
| Scout Tower | 28 | |
| Guard Tower | 24 | |
| Town Hall | 10 | |
| Blacksmith | 2 | |
| Keep | 1 | |
| Arcane Vault | 1 | |
| Castle | 3 | |
| Gryphon Aviary | 4 | |
| Workshop | 4 | |
97 total
» build order
00:06 Altar of Kings
00:20 Lumber Mill
00:35 Farm
00:52 Barracks
01:13 Farm
01:44 Scout Tower
01:51 Farm
02:46 Guard Tower
02:46 Guard Tower
03:49 Scout Tower
03:59 Scout Tower
04:49 Town Hall
04:51 Guard Tower
05:04 Scout Tower
05:06 Farm
05:16 Scout Tower
05:34 Farm
06:09 Guard Tower
06:11 Blacksmith
06:34 Keep
06:41 Scout Tower
06:52 Arcane Vault
06:53 Guard Tower
06:53 Guard Tower
07:34 Blacksmith
07:38 Guard Tower
07:40 Scout Tower
07:40 Scout Tower
07:41 Scout Tower
07:54 Farm
07:56 Farm
07:59 Scout Tower
08:00 Scout Tower
08:01 Scout Tower
08:02 Scout Tower
08:03 Scout Tower
08:04 Scout Tower
08:19 Guard Tower
08:46 Scout Tower
09:12 Castle
09:12 Castle
09:21 Guard Tower
09:56 Gryphon Aviary
10:29 Workshop
10:42 Workshop
11:02 Scout Tower
11:03 Scout Tower
11:04 Scout Tower
11:05 Scout Tower
11:06 Scout Tower
11:17 Workshop
11:19 Workshop
11:45 Gryphon Aviary
11:47 Gryphon Aviary
12:04 Gryphon Aviary
12:49 Guard Tower
12:53 Guard Tower
12:53 Guard Tower
13:34 Town Hall
13:36 Guard Tower
13:36 Guard Tower
13:36 Guard Tower
15:34 Scout Tower
15:35 Scout Tower
15:37 Guard Tower
16:13 Guard Tower
16:14 Guard Tower
16:21 Guard Tower
16:26 Scout Tower
16:27 Scout Tower
16:29 Scout Tower
16:29 Scout Tower
16:29 Scout Tower
17:45 Guard Tower
17:45 Guard Tower
19:52 Town Hall
21:53 Town Hall
24:58 Town Hall
28:13 Town Hall
32:28 Town Hall
36:37 Town Hall
36:48 Town Hall
40:29 Town Hall
40:42 Farm
40:42 Farm
40:43 Farm
41:55 Farm
57:02 Farm
57:03 Farm
57:03 Farm
57:04 Farm
57:04 Farm
57:04 Farm
» items
| Scroll of Regeneration | 5 | |
| Lesser Clarity Potion | 6 | |
| Rod of Necromancy | 1 | |
| Potion of Healing | 13 | |
| Scroll of Town Portal | 4 | |
| Boots of Speed | 5 | |
| Staff of Teleportation | 4 | |
| Potion of Lesser Invulnerability | 3 | |
| Potion of Mana | 3 | |
| Scroll of Protection | 2 | |
| Potion of Invisibility | 3 | |
| Periapt of Vitality | 1 | |
50 total
THE_MOoN_DRAGON (
orange | 114 APM | 3371 actions | 29:34)
5 Death Knight
3 Death Coil
2 Unholy Aura
4 Lich
2 Frost Nova
2 Frost Armor
» actions
| Assign group hotkey | 83 | |
| Basic commands | 30 | |
| Build / train | 94 | |
| ESC pressed | 4 | |
| Enter build submenu | 19 | |
| Enter hero's abilities submenu | 9 | |
| Give item / drop item | 1 | |
| Right click | 2067 | |
| Select / deselect | 343 | |
| Select group hotkey | 609 | |
| Use ability | 112 | |
3371 total
» units
| Acolyte | 32 | |
| Ghoul | 5 | |
| Crypt Fiend | 12 | |
| Frost Wyrm | 11 | |
60 total
» upgrades
| Burrow | 1 | |
| Creature Attack | 2 | |
| Web | 1 | |
| Creature Carapace | 1 | |
| Freezing Breath | 1 | |
6 total
» buildings
| Graveyard | 1 | |
| Crypt | 1 | |
| Altar of Darkness | 1 | |
| Ziggurat | 6 | |
| Tomb of Relics | 1 | |
| Nerubian Tower | 1 | |
| Halls of the Dead | 4 | |
| Necropolis | 1 | |
| Black Citadel | 1 | |
| Sacrificial Pit | 1 | |
| Boneyard | 2 | |
20 total
» build order
00:07 Graveyard
00:10 Crypt
00:41 Altar of Darkness
01:01 Ziggurat
01:24 Tomb of Relics
01:58 Ziggurat
02:10 Nerubian Tower
04:10 Halls of the Dead
04:11 Halls of the Dead
04:11 Halls of the Dead
05:06 Ziggurat
05:47 Necropolis
08:07 Black Citadel
09:03 Ziggurat
10:33 Sacrificial Pit
11:36 Boneyard
11:46 Boneyard
11:58 Ziggurat
14:40 Ziggurat
» items
| Rod of Necromancy | 2 | |
| Dust of Appearance | 1 | |
| Orb of Corruption | 1 | |
| Scroll of Healing | 2 | |
| Scroll of Town Portal | 3 | |
| Potion of Healing | 2 | |
11 total
Imrath (
blue | 72 APM | 2107 actions | 29:22)
3 Archmage
2 Summon Water Elemental
1 Brilliance Aura
4 Paladin
2 Divine Shield
2 Devotion Aura
» actions
| Assign group hotkey | 267 | |
| Basic commands | 156 | |
| Build / train | 86 | |
| Enter build submenu | 27 | |
| Enter hero's abilities submenu | 7 | |
| Remove unit from queue | 4 | |
| Right click | 400 | |
| Select / deselect | 420 | |
| Select group hotkey | 673 | |
| Use ability | 67 | |
2107 total
» units
| Peasant | 34 | |
| Rifleman | 11 | |
| Mortar Team | 3 | |
48 total
» upgrades
| Armor | 1 | |
| Gunpowder | 1 | |
| Masonry | 2 | |
| Long Rifles | 1 | |
| Lumber Harvesting | 1 | |
| Flare | 1 | |
7 total
» buildings
| Scout Tower | 8 | |
| Farm | 8 | |
| Altar of Kings | 2 | |
| Arcane Tower | 2 | |
| Lumber Mill | 3 | |
| Blacksmith | 1 | |
| Barracks | 2 | |
| Guard Tower | 5 | |
| Town Hall | 5 | |
| Keep | 2 | |
| Arcane Vault | 1 | |
| Workshop | 1 | |
| Castle | 1 | |
41 total
» build order
00:15 Scout Tower
00:18 Farm
00:24 Altar of Kings
00:47 Arcane Tower
01:03 Lumber Mill
01:23 Farm
02:06 Blacksmith
02:18 Scout Tower
02:26 Barracks
02:50 Guard Tower
02:57 Barracks
03:02 Farm
03:13 Scout Tower
03:43 Guard Tower
03:46 Farm
05:05 Town Hall
06:25 Scout Tower
06:25 Scout Tower
06:26 Scout Tower
06:51 Keep
06:56 Arcane Tower
07:06 Guard Tower
08:03 Arcane Vault
08:17 Farm
08:20 Farm
10:23 Workshop
11:59 Lumber Mill
14:31 Castle
15:31 Town Hall
19:27 Town Hall
19:29 Keep
21:48 Town Hall
22:48 Lumber Mill
22:50 Altar of Kings
24:56 Town Hall
25:28 Farm
25:28 Farm
26:16 Scout Tower
26:18 Scout Tower
26:46 Guard Tower
28:59 Guard Tower
» items
| Rod of Necromancy | 1 | |
| Scroll of Regeneration | 1 | |
| Scroll of Town Portal | 2 | |
| Boots of Speed | 1 | |
| Orb of Fire | 1 | |
| Potion of Lesser Invulnerability | 1 | |
7 total
team 2 (loser)

»
DiAbLo-JoiNt (
green | 4 APM | 5629 actions | 1444:35)
10 Warden
3 Shadow Strike
3 Fan of Knives
3 Blink
1 Spirit of Vengeance
» actions
| Assign group hotkey | 46 | |
| Basic commands | 245 | |
| Build / train | 194 | |
| ESC pressed | 5 | |
| Enter build submenu | 50 | |
| Enter hero's abilities submenu | 10 | |
| Give item / drop item | 6 | |
| Right click | 2656 | |
| Select / deselect | 781 | |
| Select group hotkey | 1429 | |
| Use ability | 207 | |
5629 total
» units
| Wisp | 99 | |
| Archer | 8 | |
| Druid of the Talon | 6 | |
| Chimaera | 5 | |
| Hippogryph | 6 | |
124 total
» upgrades
| Improved Bows | 1 | |
| Strength of the Wild | 3 | |
| Reinforced Hides | 3 | |
| Corrosive Breath | 1 | |
| Druid of the Talon Training | 2 | |
| Nature's Blessing | 1 | |
| Backpack | 1 | |
| Strength of the Moon | 3 | |
| Moon Armor | 3 | |
| Ultravision | 1 | |
| Well Spring | 1 | |
| Hippogryph Taming | 1 | |
| Mark of the Talon | 1 | |
| Abolish Magic | 1 | |
| Druid of the Claw Training | 2 | |
| Hardened Skin | 1 | |
| Resistant Skin | 1 | |
| Sentinel | 1 | |
| Vorpal Blades | 1 | |
| Upgrade Moon Glaive | 1 | |
| Marksmanship | 1 | |
| Mark of the Claw | 1 | |
32 total
» buildings
| Altar of Elders | 2 | |
| Moon Well | 7 | |
| Ancient of War | 3 | |
| Tree of Life | 9 | |
| Tree of Ages | 6 | |
| Hunter's Hall | 1 | |
| Ancient Protector | 1 | |
| Ancient of Wonders | 3 | |
| Tree of Eternity | 4 | |
| Ancient of Wind | 10 | |
| Chimaera Roost | 10 | |
| Ancient of Lore | 2 | |
58 total
» build order
00:08 Altar of Elders
00:19 Moon Well
00:51 Ancient of War
01:34 Moon Well
02:11 Moon Well
03:30 Tree of Life
04:09 Tree of Ages
04:41 Tree of Life
05:15 Hunter's Hall
06:24 Ancient Protector
06:54 Ancient of Wonders
07:12 Tree of Eternity
07:15 Ancient of Wind
08:21 Moon Well
09:36 Chimaera Roost
09:37 Chimaera Roost
09:39 Chimaera Roost
10:22 Moon Well
10:36 Ancient of Wonders
11:30 Ancient of Wind
13:13 Ancient of Wind
13:17 Moon Well
13:20 Moon Well
14:33 Altar of Elders
14:57 Chimaera Roost
17:53 Tree of Life
20:30 Tree of Life
21:07 Ancient of Wind
27:42 Tree of Life
28:21 Tree of Life
41:49 Ancient of Lore
41:51 Ancient of War
43:30 Ancient of Wind
43:33 Ancient of Wind
43:44 Ancient of Wind
48:57 Tree of Ages
48:57 Tree of Ages
51:08 Tree of Life
51:27 Ancient of Wind
51:29 Ancient of Wind
51:32 Ancient of Wind
52:04 Tree of Life
52:10 Tree of Life
53:53 Tree of Ages
54:35 Tree of Ages
54:36 Tree of Ages
56:14 Tree of Eternity
56:20 Ancient of Lore
56:23 Ancient of War
58:29 Tree of Eternity
60:34 Tree of Eternity
61:50 Chimaera Roost
61:51 Chimaera Roost
62:08 Chimaera Roost
62:09 Chimaera Roost
62:29 Chimaera Roost
62:33 Chimaera Roost
63:20 Ancient of Wonders
» items
| Boots of Speed | 1 | |
| Staff of Teleportation | 1 | |
| Lesser Clarity Potion | 1 | |
| Potion of Mana | 2 | |
| Potion of Healing | 1 | |
| Orb of Venom | 1 | |
| Potion of Invisibility | 2 | |
| Anti-magic Potion | 1 | |
| Scroll of Town Portal | 6 | |
16 total
GnR999 (
pink | 2 APM | 3049 actions | 1444:35)
5 Priestess of the Moon
2 Searing Arrows
3 Trueshot Aura
2 Keeper of the Grove
1 Entangling Roots
1 Force of Nature
» actions
| Assign group hotkey | 50 | |
| Basic commands | 19 | |
| Build / train | 101 | |
| Enter build submenu | 25 | |
| Enter hero's abilities submenu | 8 | |
| Give item / drop item | 1 | |
| Remove unit from queue | 2 | |
| Right click | 1058 | |
| Select / deselect | 653 | |
| Select group hotkey | 1045 | |
| Use ability | 85 | |
3049 total
» units
| Wisp | 31 | |
| Huntress | 4 | |
| Druid of the Talon | 5 | |
| Chimaera | 8 | |
| Hippogryph | 17 | |
65 total
» upgrades
| Druid of the Talon Training | 1 | |
| Strength of the Wild | 2 | |
| Reinforced Hides | 1 | |
| Corrosive Breath | 1 | |
| Nature's Blessing | 1 | |
| Moon Armor | 1 | |
| Strength of the Moon | 1 | |
| Ultravision | 1 | |
9 total
» buildings
| Altar of Elders | 2 | |
| Moon Well | 9 | |
| Hunter's Hall | 1 | |
| Ancient of War | 2 | |
| Tree of Ages | 2 | |
| Ancient of Wonders | 1 | |
| Ancient of Wind | 2 | |
| Tree of Life | 2 | |
| Ancient Protector | 1 | |
| Tree of Eternity | 1 | |
| Chimaera Roost | 3 | |
26 total
» build order
00:05 Altar of Elders
00:10 Moon Well
01:44 Hunter's Hall
01:49 Ancient of War
02:06 Moon Well
02:22 Ancient of War
02:31 Moon Well
03:41 Tree of Ages
03:42 Tree of Ages
05:05 Ancient of Wonders
05:29 Moon Well
06:06 Ancient of Wind
06:20 Tree of Life
06:29 Ancient Protector
07:35 Tree of Eternity
10:14 Chimaera Roost
10:15 Chimaera Roost
10:15 Chimaera Roost
13:39 Moon Well
15:56 Ancient of Wind
17:00 Moon Well
17:35 Tree of Life
22:03 Moon Well
30:18 Altar of Elders
31:24 Moon Well
31:31 Moon Well
» items
| Moonstone | 3 | |
| Lesser Clarity Potion | 3 | |
| Scroll of Town Portal | 3 | |
| Anti-magic Potion | 1 | |
| Scroll of Protection | 1 | |
| Scroll of Healing | 1 | |
| Potion of Lesser Invulnerability | 1 | |
13 total

»
bullsi (
red | 28 APM | 1995 actions | 71:04)
10 Dark Ranger
3 Black Arrow
3 Life Drain
1 Charm
3 Silence
» actions
| Basic commands | 1 | |
| Build / train | 73 | |
| Enter build submenu | 35 | |
| Enter hero's abilities submenu | 11 | |
| Give item / drop item | 4 | |
| Right click | 1273 | |
| Select / deselect | 491 | |
| Use ability | 107 | |
1995 total
» units
| Acolyte | 7 | |
| Ghoul | 5 | |
| Crypt Fiend | 9 | |
| Frost Wyrm | 7 | |
28 total
» upgrades
| Web | 1 | |
| Burrow | 1 | |
| Creature Attack | 3 | |
| Creature Carapace | 2 | |
| Freezing Breath | 1 | |
8 total
» buildings
| Crypt | 2 | |
| Altar of Darkness | 2 | |
| Ziggurat | 15 | |
| Graveyard | 2 | |
| Tomb of Relics | 1 | |
| Halls of the Dead | 2 | |
| Black Citadel | 1 | |
| Sacrificial Pit | 1 | |
| Boneyard | 2 | |
| Necropolis | 1 | |
| Town Hall | 2 | |
31 total
» build order
00:12 Crypt
00:14 Altar of Darkness
00:34 Ziggurat
01:00 Ziggurat
01:33 Graveyard
01:56 Tomb of Relics
02:52 Halls of the Dead
04:47 Ziggurat
05:27 Crypt
06:09 Ziggurat
07:19 Black Citadel
07:23 Sacrificial Pit
07:44 Ziggurat
08:35 Ziggurat
08:37 Ziggurat
08:40 Ziggurat
10:19 Boneyard
10:23 Boneyard
10:28 Ziggurat
24:47 Necropolis
26:44 Halls of the Dead
28:02 Altar of Darkness
28:04 Graveyard
28:07 Ziggurat
28:10 Ziggurat
28:12 Ziggurat
28:14 Ziggurat
28:17 Ziggurat
28:19 Ziggurat
32:09 Town Hall
40:54 Town Hall
» items
| Rod of Necromancy | 1 | |
| Boots of Speed | 1 | |
| Circlet of Nobility | 1 | |
| Scroll of Town Portal | 8 | |
| Scroll of Healing | 3 | |
| Potion of Mana | 2 | |
| Potion of Healing | 2 | |
| Lesser Clarity Potion | 2 | |
| Scroll of Regeneration | 2 | |
22 total
laughin_man (
teal | 59 APM | 4735 actions | 79:40)
7 Archmage
3 Blizzard
2 Brilliance Aura
2 Mass Teleport
6 Mountain King
3 Storm Bolt
2 Thunder Clap
1 Avatar
5 Paladin
3 Holy Light
1 Divine Shield
1 Devotion Aura
» actions
| Assign group hotkey | 55 | |
| Basic commands | 61 | |
| Build / train | 123 | |
| ESC pressed | 5 | |
| Enter build submenu | 35 | |
| Enter hero's abilities submenu | 20 | |
| Give item / drop item | 2 | |
| Right click | 2195 | |
| Select / deselect | 777 | |
| Select group hotkey | 1227 | |
| Use ability | 234 | |
4735 total
» units
| Peasant | 31 | |
| Footman | 8 | |
| Gryphon Rider | 5 | |
| Knight | 5 | |
| Siege Engine | 2 | |
| Mortar Team | 2 | |
| Sorceress | 1 | |
| Priest | 1 | |
55 total
» upgrades
| Defend | 1 | |
| Swords | 2 | |
| Armor | 2 | |
| Lumber Harvesting | 2 | |
| Masonry | 3 | |
| Storm Hammers | 1 | |
| Animal War Training | 1 | |
| Gunpowder | 2 | |
| Plating | 2 | |
| Cloud | 1 | |
| Barrage | 1 | |
| Priest Training | 2 | |
| Sorceress Training | 1 | |
| Fragmentation Shards | 1 | |
| Flare | 1 | |
23 total
» buildings
| Altar of Kings | 1 | |
| Barracks | 2 | |
| Farm | 10 | |
| Lumber Mill | 3 | |
| Town Hall | 6 | |
| Keep | 1 | |
| Arcane Vault | 1 | |
| Blacksmith | 1 | |
| Scout Tower | 8 | |
| Castle | 1 | |
| Gryphon Aviary | 2 | |
| Guard Tower | 4 | |
| Workshop | 2 | |
| Arcane Sanctum | 2 | |
44 total
» build order
00:09 Altar of Kings
00:21 Barracks
00:37 Farm
01:07 Farm
01:43 Farm
02:04 Lumber Mill
03:07 Town Hall
04:23 Keep
04:24 Arcane Vault
04:50 Blacksmith
05:19 Farm
05:20 Farm
06:27 Farm
06:57 Scout Tower
06:57 Scout Tower
06:58 Scout Tower
07:03 Lumber Mill
08:11 Castle
08:13 Gryphon Aviary
08:18 Gryphon Aviary
08:19 Farm
08:37 Guard Tower
10:26 Farm
10:38 Guard Tower
11:02 Scout Tower
11:03 Scout Tower
11:05 Scout Tower
11:06 Scout Tower
11:07 Scout Tower
11:10 Farm
12:57 Guard Tower
14:40 Town Hall
17:36 Workshop
17:38 Workshop
18:50 Town Hall
19:06 Lumber Mill
19:14 Town Hall
19:59 Farm
22:58 Barracks
23:26 Arcane Sanctum
23:27 Arcane Sanctum
31:06 Town Hall
32:53 Town Hall
» items
| Scroll of Regeneration | 4 | |
| Scroll of Town Portal | 4 | |
| Periapt of Vitality | 2 | |
| Potion of Lesser Invulnerability | 1 | |
| Boots of Speed | 1 | |
| Staff of Sanctuary | 1 | |
| Orb of Fire | 1 | |
14 total
Chat log
(00:25 / Allies) THE_MOoN_DRAGON: hello
(00:31 / Allies) Imrath: hi, rilf/mort
(00:39 / Allies) THE_MOoN_DRAGON: dk fiends frosts
(03:43 / Allies) MR_ASTON_MARTIN: any hackers this game?
(03:48 / Allies) 418: DONT THINK SO
(04:07 / Allies) 418: WOOD
(04:39 / All) 418: LOL
(05:34 / Allies) THE_MOoN_DRAGON: wood plz
(07:17 / All) GnR999: nice tp
(07:21 / All) 418: THANKS
(07:50 / All) 418: NICE HUNTS
(08:27 / Allies) THE_MOoN_DRAGON: make shop
(08:46 / Allies) Imrath: 2
(09:15 / Allies) THE_MOoN_DRAGON: def
(10:06 / Allies) MR_ASTON_MARTIN: bleu ure pretty shit
(10:30 / Allies) 418: WOOD
(10:55 / Allies) 418: MORE WOOD
(11:24 / Allies) THE_MOoN_DRAGON: get expos
(11:25 / Allies) THE_MOoN_DRAGON: zzzz
(11:36 / Allies) 418: WHAT ARE YOU MAKING A "ZZZZ" EFFECT FOR
(11:59 / Allies) 418: "ITS KEWL THATS WHY LOL"?
(12:38 / Allies) Imrath: why are you all turtling?
(12:38 / All) 418: LOL
(12:46 / Allies) MR_ASTON_MARTIN: bc u suck
(12:53 / Allies) 418: WOW BLUE GIVE ME WOOD YOU JACKASS
(12:55 / Allies) Imrath: you are awful purple, seen it many times
(13:05 / Allies) Imrath: not til you guys stop sucking
(13:13 / Allies) 418: YOU HAVE 1 GOLDMINE
(13:22 / Allies) 418: ID SYA YOU'RE SUCKING WORSE
(13:28 / All) GnR999: lmao
(13:32 / Allies) Imrath: about time you noticed moron
(14:10 / Allies) MR_ASTON_MARTIN: troubs
(14:11 / Allies) MR_ASTON_MARTIN: wood
(14:21 / All) 418: LOL
(14:33 / Allies) THE_MOoN_DRAGON: hit
(15:07 / All) MR_ASTON_MARTIN: Dr
(15:11 / All) GnR999: HE SUCKS BALLS ASTON
(15:16 / All) 418: WHOS HE
(15:19 / All) GnR999: U
(15:21 / All) 418: ME?
(15:31 / All) 418: LOOKS TO ME LIKE YOU HAVE A DEAD POTM & NO ARMY
(16:58 / Allies) 418: HOW IS RED LV8
(17:02 / Allies) 418: DID YOU POWER FEED HIM THAT MUCH BLUE?
(17:15 / Allies) Imrath: its you noobs, i haven't fought himt yet
(17:22 / Allies) Imrath: you guys are unbelieveable bad
(17:27 / Allies) 418: YOU HAVE NO BASE
(17:33 / Allies) 418: TO WHAT IM ASSUMING IS A GUY WHO WENT DR/FIENDS
(17:36 / Allies) Imrath: because i've been fighting 2 or 3
(17:39 / Allies) Imrath: and you guys do shit
(17:57 / Allies) 418: YOU HAVE 1400 WOOD
(17:59 / Allies) 418: GIVE WOOD YOU IDIOT
(18:05 / Allies) Imrath: stfu noob
(18:10 / Allies) Imrath: you'ore doing shit
(18:12 / Allies) 418: AND YOU WONDER WHY YOU'RE SUCH A BAD PLAYER
(18:14 / Allies) Imrath: not sharing witha nooob
(18:23 / Allies) Imrath: no i don't
(18:33 / Allies) Imrath: its a crappy taem
(18:33 / Allies) 418: YOU HAVE A LEVEL 1 HERO
(18:34 / Allies) 418: GOOD JOB
(18:43 / Allies) Imrath: think its my only one?
(18:46 / Allies) 418: YES
(18:47 / Allies) 418: I DO
(18:53 / Allies) Imrath: then you are a stuipd as you sound
(19:01 / Allies) THE_MOoN_DRAGON: gold?
(19:02 / Allies) 418: YOU'RE CARRYING A TP ON IT LIKE ITS YOUR FIRST
(19:12 / Allies) Imrath: wow, way to pay attention this game
(19:13 / Allies) Imrath: great job
(19:20 / Allies) Imrath: no wonder you're getting owned
(20:05 / Allies) THE_MOoN_DRAGON: gold plz
(20:13 / Allies) Imrath: wtf purple do somethign moron
(20:20 / Allies) 418: IRONIC, GIVEN THE SOURCE
(20:22 / Allies) MR_ASTON_MARTIN: i need help for that
(20:37 / Allies) Imrath: you guys haven't beeen doing anyting all game, yellow, you are awful
(20:38 / Allies) THE_MOoN_DRAGON: he need more flying mahcine
(20:41 / Allies) Imrath: so we have a chance
(20:50 / Allies) 418: HOW ABOUT YOU FEED YOUR GOLD SINCE YOU HAVE NOTHING
(21:01 / Allies) Imrath: anyone going to do anyting with it?
(21:07 / Allies) 418: MORE THAN YOU
(21:07 / Allies) THE_MOoN_DRAGON: hall
(21:14 / Allies) Imrath: i have yet to see that
(21:24 / Allies) 418: YOU'RE NOT EVEN BUILDING UNITS
(21:56 / Allies) THE_MOoN_DRAGON: gold plz
(22:09 / Allies) THE_MOoN_DRAGON: come purp
(22:10 / Allies) THE_MOoN_DRAGON: now
(22:11 / Allies) THE_MOoN_DRAGON: tp
(22:32 / Allies) 418: HIT PINK
(22:32 / Allies) THE_MOoN_DRAGON: ty
(22:58 / Allies) MR_ASTON_MARTIN: i ahve no gold
(23:06 / Allies) 418: BLUE HAS PLENTY BUT HES TOO MAD TO SHARE
(23:15 / Allies) MR_ASTON_MARTIN: blue wants to lose
(23:18 / Allies) Imrath: man yellow is clueless
(23:20 / Allies) 418: HE DOES
(23:22 / Allies) 418: THATLL TEACH US A LESSON
(23:33 / Allies) 418: LEAVE GREEN ALONE
(23:38 / Allies) Imrath: just sharing with people that aren't noobs like yellow
(24:39 / Allies) MR_ASTON_MARTIN: ya i ahve no gold
(24:41 / Allies) MR_ASTON_MARTIN: ...
(25:18 / Allies) MR_ASTON_MARTIN: heal me
(25:19 / Allies) MR_ASTON_MARTIN: blue
(25:36 / Allies) MR_ASTON_MARTIN: heal me
(25:40 / All) GnR999: GG aston
(26:13 / Allies) MR_ASTON_MARTIN: heal me blue
(26:14 / Allies) MR_ASTON_MARTIN: god
(26:38 / All) GnR999: green just bs'd us all
(26:41 / All) 418: GOOD
(26:43 / All) 418: YOU'RE A NIGGER
(26:46 / All) GnR999: stfu noob
(26:47 / All) GnR999: you suck
(26:48 / All) GnR999: 418 noob
(26:53 / All) GnR999: HAHA
(27:02 / All) GnR999: 84 - 139? solo? HAAAAAAAAAAAAAAHAAHHA
(27:12 / All) GnR999: FFA 0 - 62? at what point you realize you SUCK BALLS?
(27:18 / All) 418: YOU SOUND MAD
(27:29 / All) GnR999: no.. I sound like top 5 rank...
(27:32 / All) 418: OOOOH
(27:34 / All) GnR999: you sound like a useless noob.. hahaha
(27:34 / All) 418: TOP 5 RT
(27:35 / All) 418: HOW HARD
(27:38 / All) 418: GEE IM IMPRESSED LOL
(27:40 / All) GnR999: let me see YOU noob.. hahaha
(27:49 / All) 418: IVE BEEN RANK 1 RT LIKE 10 TIMES ITS NOT HARD LOL
(27:59 / Allies) THE_MOoN_DRAGON: gold
(27:59 / All) GnR999: rank 1.. in what.. taking it in the ass?
(28:00 / Allies) THE_MOoN_DRAGON: for expo
(28:06 / All) 418: I SAID RANK 1 RT NERD
(28:10 / All) GnR999: and look at noob diablo-joint.. on his period
(28:15 / All) GnR999: he proly knows 418 noob.. 2 noobs
(28:17 / All) 418: ID SAY YOU SOUND PRETTY MAD
(28:28 / All) GnR999: i said.. I'm not.. I laugh at your noobness..watch:
(28:32 / All) GnR999: HAHAHAHAHAHHA
(28:33 / Allies) Imrath: it looks liek eyllow found something he can kill
(28:45 / All) 418: ACTUALLY IVE BEEN TRANSMUTING THEIR AIR FOR A WHILE
(28:53 / All) 418: AND YEAH I CAN KILL A LEVEL 4 PALADIN
(29:06 / All) MR_ASTON_MARTIN: lol orange
(29:19 / Allies) MR_ASTON_MARTIN: blue
(29:21 / All) GnR999: yeah.. donno who sucks more balls
(29:21 / Allies) MR_ASTON_MARTIN: ur a noob
(29:35 / Allies) 418: FINALLY
(29:36 / All) GnR999: ok be a man noob yellow..
(29:44 / All) GnR999: and leave. you lost fair and square
(29:53 / All) 418: WAH WAH NERD
(30:36 / All) GnR999: gg aston.. let's play more
(30:41 / All) 418: WHY DOES HE LIKE YOU
(30:48 / All) GnR999: same clan noob
(30:53 / All) GnR999: something you won't ever know..
(30:55 / All) GnR999: class
(30:58 / All) 418: DIDNT YOU SAY CLAN PRO2 WOULD STAB ME FOREVER & EVER & EVER?
(31:04 / All) 418: ACTUALLY HES ON MY /F L
(33:42 / All) 418: I NEED WOOD
(33:47 / All) GnR999: u need to leave
(33:59 / All) GnR999: and take the loss like a man
(34:01 / All) GnR999: and not a pussy
(34:08 / All) 418: HOW ABOUT YOU STOP CRYING
(34:17 / All) GnR999: why cry noob.. watch Aston leave now
(34:19 / All) MR_ASTON_MARTIN: lelve 1 holy light...
(34:27 / All) 418: WHY WOULD HE LEAVE
(34:32 / All) GnR999: cause he a man
(34:34 / All) GnR999: not a pussy
(34:43 / All) 418: DO YOU KNOW HE STABS ALL THE TIME WITH US?
(34:48 / All) GnR999: no
(34:50 / All) 418: YES
(34:54 / All) 418: ITS TRUE
(35:10 / All) GnR999: come on aston...zzzzzzzzzzz
(35:16 / All) 418: WHAT THE FUCK IS THE "ZZZ" FOR
(35:18 / All) MR_ASTON_MARTIN: fun
(35:35 / All) 418: WOW
(35:37 / All) 418: THIS GUY GOT LV1 HOLY LIGHT
(35:42 / All) 418: HOW WORTHLESS
(35:42 / Allies) MR_ASTON_MARTIN: lol
(36:10 / Allies) MR_ASTON_MARTIN: get him
(36:11 / Allies) MR_ASTON_MARTIN: come
(36:14 / Allies) MR_ASTON_MARTIN: o nvm
(36:15 / Allies) MR_ASTON_MARTIN: items
(36:27 / All) 418: LOL
(37:00 / All) GnR999: aston zzzzzz
(37:01 / All) GnR999: come on man
(37:07 / All) GnR999: not fun anymore.. waste of my life
(37:09 / All) 418: YOU REALIZE IF HE LEAVES ID STILL BE HERE
(37:09 / All) MR_ASTON_MARTIN: not ever yet
(37:11 / All) MR_ASTON_MARTIN: if i leave
(37:14 / All) MR_ASTON_MARTIN: 418 wo;; sto;; say
(37:19 / All) GnR999: yeah and?
(37:25 / All) MR_ASTON_MARTIN: game won't end?
(37:34 / All) GnR999: well why you staying? you lost
(38:22 / All) 418: I RETRAINED HIS WORTHLESS PALADIN
(38:33 / All) MR_ASTON_MARTIN: no holy light
(38:37 / All) 418: I THIN KHE INTENDED TO JUST BE AN ASSHOLE THAT WAS HARD TO KILL
(38:38 / All) GnR999: and green is feeding the heroes... I guess he like the loss too
(38:41 / All) 418: AND NOT USEFUL
(38:52 / Allies) MR_ASTON_MARTIN: zzz
(38:59 / All) 418: FUCKING STOP USING "ZZZ"
(39:05 / All) MR_ASTON_MARTIN: LOL!
(39:10 / All) 418: IT DOESNT MEAN ANYTHING
(39:14 / All) GnR999: i'm not.. I'm just watching green get a loss.. haha
(39:48 / All) GnR999: green takes a loss.. HA HA HA
(39:54 / All) 418: YOU SURE ARE A CRYBABY
(40:45 / All) MR_ASTON_MARTIN: gg we win
(40:51 / All) GnR999: u suck aston ;)
(40:58 / All) 418: I THINK HES MAD AT HIS FRIEND NOW
(40:59 / All) MR_ASTON_MARTIN: i have 30 griffs
(41:08 / All) GnR999: yellow he can bs you by now
(41:10 / All) GnR999: very easy
(41:17 / All) 418: YOU DONT LISTEN DO YOU
(41:26 / All) 418: "NO I DONT ZZZ"
(41:26 / All) GnR999: YOU don't listen.. you mad?
(41:31 / All) GnR999: cause your stats suck balls? haha
(41:52 / All) GnR999: oh well.. 1 loss for all of us. including green
(42:01 / All) 418: WAH WAH WAH BLAH BLAH BLAH
(42:07 / All) GnR999: chims vs griffs green doesn't work
(42:11 / All) GnR999: if you didn't know
(42:25 / All) 418: WHAT PART OF "HES ON MY F L" DONT YOU GET
(42:36 / All) GnR999: who
(42:39 / All) 418: PURPLE YOU DIPSHIT
(43:27 / All) 418: HOW EXACTLY DO YOU THINK THIS IS GOING TO PLAY OUT CRYBABY
(43:40 / All) GnR999: why you yelling? cause you suck? I don't care.. haha
(43:46 / All) 418: ID SAY YOU DO
(43:53 / All) GnR999: i'd say I don't.. why would I?
(44:12 / Allies) MR_ASTON_MARTIN: do u kill diablo now?
(44:14 / All) 418: ID SAY YOU WOULD
(44:21 / All) 418: BASED ON THE INCESSANT AMOUNT OF WHINING/YAPPING
(44:30 / All) GnR999: did someone's hero just gown owned? HA HAHA
(44:37 / All) 418: THATLL HAPPEN TO 80 FOOD OF CHIMS
(44:48 / All) 418: I DONT KNOW WHAT YOU MAKES THINK ALCHEMIST FIRST WITH UD SAYS "IM TRYING"
(44:56 / All) GnR999: wait.. are you a french pussy? HA HA H
(44:57 / All) GnR999: omfg
(45:01 / All) GnR999: you fucking dumb canadian fuck
(45:03 / All) 418: WHERE DO YOU GET THAT
(45:04 / All) GnR999: OM
(45:12 / All) GnR999: HAHAHAHHA
(45:13 / All) GnR999: OMFG
(45:14 / All) GnR999: HAHAHAH
(45:21 / All) 418: THE FUCK IS HE TALKING ABOUT
(45:58 / All) MR_ASTON_MARTIN: chimms vs griffs?
(45:59 / All) GnR999: aston this is where you kill yellow.. and leave
(46:07 / All) 418: WHY ARE YOU STILL SAYING THAT
(46:12 / All) MR_ASTON_MARTIN: i can kill yellow
(46:13 / All) 418: THIRD TIME: ASTON MARTIN IS ON MY FRIEND LIST
(46:14 / All) GnR999: you mad?
(46:16 / All) GnR999: you yelling?
(46:17 / All) GnR999: HAHAHAHA
(46:27 / All) 418: YOU NOTICE HOW TEAL & RED ARE AFK?
(46:29 / All) 418: NOT CRYING?
(46:37 / All) GnR999: why you yelling? HA HAH
(46:59 / All) GnR999: you got carried the whole game.. you suck.. simple..
(47:04 / All) GnR999: if I were you.. go play with barbies
(47:08 / All) 418: WHY BARBIES
(47:11 / All) DiAbLo-JoiNt: i like the part how i stab teal + red
(47:15 / All) DiAbLo-JoiNt: like 6 different bases
(47:16 / All) GnR999: cause you a faggot.. HA HA
(47:25 / All) DiAbLo-JoiNt: then when i get to pink
(47:28 / All) DiAbLo-JoiNt: he finally notices
(47:29 / All) GnR999: u a noob green...
(47:43 / All) DiAbLo-JoiNt: i killed 5 expos and 2 mains before pink noticed lol
(47:44 / All) GnR999: take the loss in the ass green.. after all this effort.. ha ha.>
(47:47 / All) 418: I DIDNT KNOW GAYS PLAYED WITH BARBIES
(47:51 / All) 418: I THOUGHT THAT WAS A LITTLE GIRL HABIT
(47:54 / All) GnR999: at least we sitting here.. watching tv.. and watching your noobness.. ha haha
(47:55 / All) 418: I SUGGEST YOU GET YOUR STEREOTYPES RIGHT
(48:00 / All) 418: PINK BACK UP, WHY AM I FRENCH AND/OR CANADIAN
(48:32 / All) 418: IS HE ACTUALLY QUIET NOW?
(48:46 / Allies) MR_ASTON_MARTIN: and pink
(49:22 / Allies) MR_ASTON_MARTIN: we can just end by eliminating whenever
(49:32 / All) 418: PINK
(49:35 / All) 418: ARE YOU DONE RAGING?
(50:07 / All) 418: GOD
(50:08 / All) 418: 22K GOLD
(50:09 / All) 418: 91 WOOD
(50:18 / All) 418: THIS HAS BEEN A REALLY SLOPPY GAME
(51:00 / All) 418: DO YOU KNOW WHAT HE MEANS BY THE FRENCH/CANADIAN THING?
(51:07 / All) MR_ASTON_MARTIN: montreal?
(51:11 / All) 418: NO
(51:17 / All) 418: I MEAN THAT HE WAS CALLING ME FRENCH/CANADIAN
(51:22 / All) 418: LIKE WHERE DID HE COME UP WITH THAT
(51:34 / Allies) MR_ASTON_MARTIN: i unno lol
(51:40 / All) 418: YOU'RE FRIENDS WITH THIS GUY?
(51:47 / Allies) MR_ASTON_MARTIN: clan mate
(51:54 / Allies) MR_ASTON_MARTIN: but is tab clan amtes
(52:00 / Allies) MR_ASTON_MARTIN: and make em rage quit liek grom
(52:06 / All) 418: ACTUALLY
(52:07 / Allies) MR_ASTON_MARTIN: he rage quit clan
(52:11 / All) 418: TOM WAS TELLING ME ABOUT GROM HELLSCREAM
(52:15 / All) 418: IS IT WITH A Z AT THE END
(52:23 / All) MR_ASTON_MARTIN: grom_hellzcream
(52:26 / All) 418: YEAH
(52:32 / All) DiAbLo-JoiNt: grom stepped up to the plate few days ago
(52:32 / All) 418: HE HAD HIM AND SOME DK FIEND SUPER NERD ON HIS TEAM
(52:33 / Allies) MR_ASTON_MARTIN: i promised him win
(52:45 / All) DiAbLo-JoiNt: we both agreed this nigger L_am_god was hacking on our team
(52:50 / All) DiAbLo-JoiNt: we so delivered justice
(53:02 / All) 418: I RESPECT THAT
(53:05 / All) MR_ASTON_MARTIN: grom stabbed?
(53:07 / All) DiAbLo-JoiNt: or i delivered justice and he stood by and took it like a man
(53:08 / All) 418: MOST PEOPLE ARE TOO COWARDLY TO STAB HACKERS
(53:21 / All) MR_ASTON_MARTIN: remember grom raging
(53:22 / All) DiAbLo-JoiNt: i did the work but he didnt cry
(53:23 / All) MR_ASTON_MARTIN: about his bm
(53:27 / All) MR_ASTON_MARTIN: when i promised him win
(53:30 / All) DiAbLo-JoiNt: he accepted that it needed to be done
(53:36 / All) 418: WAS THIS A STAB GAME?
(53:41 / All) 418: WITH HIS BM?
(53:49 / All) MR_ASTON_MARTIN: on friends
(53:54 / All) MR_ASTON_MARTIN: i said let me kill ru bm
(53:54 / All) 418: HMM
(53:56 / All) MR_ASTON_MARTIN: i promise u win
(53:58 / All) DiAbLo-JoiNt: i think you saw that replay drew
(54:01 / All) MR_ASTON_MARTIN: diablo agree also
(54:04 / All) DiAbLo-JoiNt: they name dropped you like 50 times
(54:07 / All) 418: OH
(54:12 / All) 418: I READ THE CHATLOG BUT DIDNT WATCH
(54:23 / All) 418: THE GUY CREDITED ME WITH THE STAFF OF TP STAB
(54:26 / All) 418: LIKE THATS SOMETHING NEW
(54:37 / All) 418: BUT THEN HE GOES "MUGARO IS SUCH A NOOB THOUGH, BUT THAT 418 IS SPIFFY"
(54:55 / All) 418: ANYWAY WHEN THIS LAST GOLDMINE DRAINS IM GOING AFK TO PLAY QUAKE 4
(55:09 / All) DiAbLo-JoiNt: yeah im gonna touch myself
(55:10 / All) MR_ASTON_MARTIN: if u give up on afk
(55:15 / All) MR_ASTON_MARTIN: we will just kill u diablo
(55:57 / Allies) MR_ASTON_MARTIN: going afk
(56:05 / Allies) MR_ASTON_MARTIN: will wait for loss
(56:16 / Allies) MR_ASTON_MARTIN: or u can contrl me
(56:18 / Allies) MR_ASTON_MARTIN: and end game
(56:25 / All) 418: ALT TABBING TO PLAY QUAKE 4 AS SOON AS THIS MINE DRAINS
(56:35 / All) DiAbLo-JoiNt: rebuilding what you killed
(56:38 / All) DiAbLo-JoiNt: so i can finish my tech
(56:40 / All) DiAbLo-JoiNt: then afk
(59:06 / All) 418: AM YOU STILL THERE?
(59:13 / All) DiAbLo-JoiNt:
(59:14 / Allies) MR_ASTON_MARTIN: who is am
(59:20 / All) 418: I THOUGHT IT WAS SHORT FOR ASTON MARTIN
(59:24 / All) 418: NOW I FORGOT WHAT I WAS GOING TO SAY LOL
(59:25 / Allies) MR_ASTON_MARTIN: o
(59:28 / Allies) MR_ASTON_MARTIN: ye
(59:31 / All) 418: WHATS YOUR FIRST NAME
(59:39 / Allies) MR_ASTON_MARTIN: chris
(59:42 / All) 418: HI
(59:43 / Allies) MR_ASTON_MARTIN: u
(59:45 / All) 418: IM DREW
(59:52 / Allies) MR_ASTON_MARTIN: nd diablo?
(59:53 / All) 418: TOM
(60:04 / Allies) MR_ASTON_MARTIN: too many toms
(60:13 / All) MR_ASTON_MARTIN: HUMANKINGTOM
(60:16 / All) MR_ASTON_MARTIN: IIIII-TOM
(60:19 / All) 418: SAME PERSON
(60:34 / All) MR_ASTON_MARTIN: tru
(60:40 / All) MR_ASTON_MARTIN: r u or kodo
(60:43 / All) MR_ASTON_MARTIN: LOLYEVSAPRO/
(60:54 / All) 418: THATS HIS ACCT
(61:11 / All) 418: IM ASSUMING YOU MEAN ON WCR
(61:14 / All) MR_ASTON_MARTIN: do u use that on WCR?
(61:15 / All) MR_ASTON_MARTIN: Yes
(61:17 / All) 418: I USE IT TO UPLOAD STAB REPLAYS
(61:17 / All) MR_ASTON_MARTIN: is that u
(61:18 / All) MR_ASTON_MARTIN: or kodo
(61:19 / All) 418: SO WE SHAR EIT
(61:21 / All) DiAbLo-JoiNt: im foh)diablo on wcr
(61:23 / All) MR_ASTON_MARTIN: ok
(61:33 / All) 418: BUT WE BOTH FEEL THE SAME WAY ABOUT HACKERS
(61:35 / All) MR_ASTON_MARTIN: bc i saw that acct post a replay
(61:39 / All) MR_ASTON_MARTIN: and kodo wasn't in game
(61:45 / All) 418: WCR HATES ME
(61:48 / All) 418: ALLFORICONS
(61:55 / All) MR_ASTON_MARTIN: never saw
(61:57 / All) 418: EVEN THOUGH THEY PROBABLY FORGOT ABOUT IT
(62:09 / All) 418: IT WAS SOME ICON MASSING ACCOUNT THAT HAD LIKE 6K WINS
(62:16 / All) DiAbLo-JoiNt: got my 100% tech
(62:19 / All) 418: IT GOT BANNED FOR MAPHACK
(62:23 / All) 418: I HAD NOTHING TO DO WITH IT BUT TOOK CREDIT
(62:28 / All) 418: SOMEONE I KNOW GOT THE PW TO IT
(62:32 / All) MR_ASTON_MARTIN: who hacked ur acct
(62:38 / All) 418: NONO
(62:41 / All) 418: ALLFORICONS
(62:46 / All) 418: IT WAS A SHARED WCR ACCOUNT
(62:51 / All) MR_ASTON_MARTIN: ahh
(62:55 / All) MR_ASTON_MARTIN: and someone use mh
(62:58 / All) 418: YEAH
(63:00 / All) 418: IT WAS MY PLAN
(63:04 / All) 418: BUT SOMEONE ELSE GOT THE PW
(63:07 / All) 418: SOMEONE ELSE HACKED ON IT TO STAB
(63:12 / All) 418: AND LEFT "STABBED BY MUGARO" IN THE PROFILE
(63:23 / All) MR_ASTON_MARTIN: shit
(63:24 / All) 418: EVER SINCE THEN I CANT POST ON WCR AS ANYTHING CLOSE TO MYSELF
(63:29 / All) 418: SO I SHARE W/KODOS
(63:33 / All) MR_ASTON_MARTIN: u guys moving onto sc2?
(63:39 / All) DiAbLo-JoiNt: it looks shitty
(63:40 / All) 418: PROBABLY NOT
(63:43 / All) MR_ASTON_MARTIN: ya
(63:46 / All) MR_ASTON_MARTIN: looks gay
(63:47 / All) 418: REAL ID IS FOR NIGGERS
(63:48 / All) DiAbLo-JoiNt: but ill probably buy it anyways
(63:57 / All) MR_ASTON_MARTIN: just macro
(63:58 / All) DiAbLo-JoiNt: yeah i heard
(64:00 / All) 418: THATS OBVIOUSLY WHAT WE NEED
(64:11 / All) 418: IS RAGING NERDS LIKE PINK TO GET MY REAL LIFE NAME/ADDRESS/CREDIT CARD #/PHONE #
(64:23 / All) 418: "REAL LIFE CONSEQUENCES" LIKE BEING STALKED AND HAVING MY TIRES SLASHED
(64:29 / All) 418: DONT LIVE IN THE SAME CITY AS ME? CALL UP A DUDE WHO DOES
(64:36 / All) 418: FUCKING BLIZZARD
(64:42 / All) 418: THEY ACTUALLY USED THE PHRASE "REAL LIFE CONSEQUENCES"
(64:43 / All) DiAbLo-JoiNt: lol remember when everyone got lovingarms phone number
(64:44 / All) MR_ASTON_MARTIN: what is point of ID
(64:45 / All) DiAbLo-JoiNt: classic
(64:55 / All) 418: AS IF GETTING IN AN ARGUMENT WITH SOMEONE DESERVES BEING STABBED
(64:58 / All) MR_ASTON_MARTIN: does it meant u only have 1 acct
(65:00 / All) MR_ASTON_MARTIN: For tehr est of ur life
(65:04 / All) 418: NO IT MEANS YOU POST AS YOUR REAL LIFE NAME
(65:11 / All) 418: INSTEAD OF MR_ASTON_MARTIN ITD BE CHRIS JACKSON
(65:14 / All) 418: OR WHATEVER THE FUCK
(65:20 / All) MR_ASTON_MARTIN: post where
(65:24 / All) 418: SC2GDF
(65:33 / All) 418: AND LIKELY SOME PLACES ON BNET
(65:42 / All) MR_ASTON_MARTIN: but u can still smurf
(65:45 / All) 418: NO
(65:48 / All) 418: 1 ACCOUNT
(65:51 / All) 418: FOREVER
(65:55 / All) MR_ASTON_MARTIN: that's gay
(66:00 / All) 418: LINKED TO YOUR REAL LIFE NAME, ADDRESS, PHONE #, CREDIT CARD ETC
(66:07 / All) 418: BLIZZARD THINKS "REAL LIFE CONSEQUENCES" SHOULD BE ENFORCED
(66:12 / All) 418: HELLO LAWSUITS
(66:27 / All) 418: IMAGINE GETTING STABBED IN THE STOMACH FOR THIS GMAE GOING ON RIGHT NOW
(66:37 / All) 418: BLEEDING ON THE STREET THEY GO "THATS FOR LAST NIGHT'S RT NOOB"
(66:46 / All) 418: "REAL LIFE CONSEQUENCES"
(66:54 / All) 418: SOUNDS FUN HUH
(67:08 / All) 418: FUCKIN STUPIDEST THING IVE EVER HEARD
(67:29 / All) 418: WELL
(67:30 / All) 418: ALT TABBING
(67:34 / All) MR_ASTON_MARTIN: later
(221:21 / All) MR_ASTON_MARTIN: anyone here?
(247:38 / All) 418: GOING TO SLEEP
(247:47 / All) MR_ASTON_MARTIN: afk?
(1434:35 / All) 418: HEY PINK IF YOU ACTUALLY READ THIS
(1434:38 / All) 418: IF YOU LEAVE YOU CAN HAVE A TIE
(1434:43 / All) 418: IF YOU STAY YOU'RE GOING TO TAKE A LOSS
(1434:51 / All) 418: THE WIN IS BASICALLY OUT OF THE QUESTION
(1434:52 / All) 418: YOUR CHOICE